 Dungeon Crawl Stone Soup version 0.27-a0-1291-geefcff550b (webtiles) character file.

Game seed: 7011007781456724836

46 thriggle the Vandal (level 3, -1/28 HPs)
             Began as a Formicid Hunter on June 15, 2021.
             Slain by a centaur (3 damage)
             ... on level 4 of the Dungeon.
             The game lasted 00:05:44 (1162 turns).

thriggle the Vandal (Formicid Hunter)               Turns: 1162, Time: 00:05:45

Health: -1/28      AC:  4    Str: 16    XL:     3   Next: 95%
Magic:  3/3        EV: 12    Int: 10    God:
Gold:   60         SH:  0    Dex: 12    Spells: 2/2 levels left

rFire    + . .     SeeInvis +   h - +2 short sword (speed)
rCold    . . .     Faith    .   (no shield)
rNeg     . . .     Spirit   .   c - +0 leather armour
rPois    .         Reflect  .   (helmet unavailable)
rElec    .         Harm     .   (no cloak)
rCorr    .         Rampage  .   e - +0 pair of gloves
Will     .....                  (no boots)
Stlth    ++........             (no amulet)
HPRegen  0.09/turn              k - ring of protection from fire
MPRegen  0.08/turn              (no ring)

@: no status effects
A: permanent stasis, dig shafts and tunnels, antennae 3, four strong arms
a: Dig, Shaft Self


You were on level 4 of the Dungeon.
You visited 1 branch of the dungeon, and saw 3 of its levels.

You collected 60 gold pieces.

Inventory:

Hand Weapons
 a - a +1 hunting sling
 h - a +2 short sword of speed (weapon)
Missiles
 d - 15 sling bullets
 g - 21 stones (quivered)
Armour
 c - a +0 leather armour (worn)
 e - a +0 pair of gloves (worn)
Jewellery
 k - a ring of protection from fire (left hand)
Scrolls
 b - a scroll of teleportation {unknown}
 j - a scroll of identify {unknown}
Potions
 f - a potion of ambrosia {unknown}
 i - a potion of curing {unknown}


   Skills:
 + Level 2.4 Fighting
 + Level 0.1 Short Blades
 + Level 4.5 Slings
 + Level 1.2 Armour
 + Level 2.1 Dodging
 + Level 1.9 Stealth
 + Level 0.8 Shields
 + Level 1.1 Invocations
 + Level 1.0 Evocations


You had 2 spell levels left.
You didn't know any spells.
Your spell library was empty.

Dungeon Overview and Level Annotations

Branches:
Dungeon (2/15)

Altars:
Uskayaw


Innate Abilities, Weirdness & Mutations

You cannot be hasted, slowed, berserked, paralysed or teleported.
You can dig through walls and to a lower floor.
You have a pair of large antennae on your head. (SInv)
Your four strong arms can wield two-handed weapons with a shield.


Message History

You closely miss the centaur.
The centaur hits you but does no damage.
The centaur kicks you but does no damage.
The centaur closely misses you. The centaur kicks you.
You hit the centaur.
The centaur is lightly wounded.
The centaur hits you. The centaur kicks you.
You hit the centaur but do no damage.
The centaur is lightly wounded.
The centaur misses you. The centaur kicks you.
You hit the centaur.
The centaur is moderately wounded.
The centaur closely misses you. The centaur misses you.
You hit the centaur but do no damage.
The centaur is moderately wounded.
The centaur completely misses you.
The centaur kicks you but does no damage.
You barely miss the centaur.
The centaur is moderately wounded.
The centaur completely misses you.
The centaur kicks you but does no damage.
You hit the centaur.
The centaur is moderately wounded.
The centaur hits you but does no damage.
The centaur closely misses you.
You hit the centaur.
The centaur is heavily wounded.
The centaur hits you.
* * * LOW HITPOINT WARNING * * *
The centaur closely misses you.
You hit the centaur.
The centaur is severely wounded.
The centaur closely misses you.
The centaur kicks you but does no damage.
You hit the centaur but do no damage.
The centaur is severely wounded.
The centaur hits you.
* * * LOW HITPOINT WARNING * * *
The centaur kicks you.
You die...

........................
##............########
#.............# #.
#.............# ##
#.###.#######.# # #.# .#
#/# .# . #.# .# .# #@#
.......c.......
..#.###.###.... #.# ..
#.) #?. ... #..#


You could see a centaur.

Vanquished Creatures
  An adder (D:4)
  A dart slug (D:1)
  A ball python (D:1)
  3 bats (D:1)
  3 endoplasms (D:1)
  2 giant cockroaches
  5 goblins
  2 hobgoblins
  5 jackals
  A quokka (D:1)
  A frilled lizard (D:2)
  5 kobolds
  2 rats
32 creatures vanquished.

Notes
Turn   | Place    | Note
-------+----------+-------------------------------------------
     0 | D:1      | thriggle the Formicid Hunter began the quest for the Orb.
     0 | D:1      | Reached XP level 1. HP: 16/16 MP: 1/1
   222 | D:1      | Reached XP level 2. HP: 22/22 MP: 2/2
   466 | D:1      | Reached XP level 3. HP: 28/28 MP: 3/3
   698 | D:1      | Reached skill level 1 in Invocations
   979 | D:2      | Noticed an ogre
  1012 | D:2      | You fall into a shaft and drop 2 floors!
  1023 | D:4      | Reached skill level 1 in Armour
  1105 | D:4      | Reached skill level 1 in Evocations
  1115 | D:4      | Found a hide-covered altar of Uskayaw.
  1145 | D:4      | Noticed a centaur
  1162 | D:4      | Slain by a centaur

Illustrated notes

Levels and vault maps discovered:
D:1:      minmay_arrival_glassed_features, layout_loops_ring
D:2:      layout_loops_cross
D:4:      layout_basic, nicolae_ashenzari_skybound, amcnicky_altar_gilded,
          old_standard_altar, serial_shops, kennysheep_mini_moat,
          kennysheep_little_box, shop

Skill      XL: |  1  2  3 |
---------------+----------+-----
Dodging        | 2 |  2.1
Invocations    | 1 |  1.1
Armour         | 1 |  1.2
Evocations     | 1 |  1.0
Fighting       | |  2.4
Short Blades   | |  0.1
Slings         | |  4.5
Stealth        | |  1.9
Shields        | |  0.8

Action                   || total
-------------------------++-------
Melee: Short sword       ||    41
 Fire: Hunting sling     ||    48
Throw: Stone             ||     1
 Abil: Dig               ||     2
       Shaft Self        ||     1
Armor: Leather armour    ||    12
Dodge: Dodged            ||    32

Table legend: (Time is in decaauts)
 A = Elapsed time spent in this place.
 B = Non-inter-level travel time spent in this place.
 C = Inter-level travel time spent in this place.
 D = Time resting spent in this place.
 E = Time spent auto-exploring this place.
 F = Levels seen in this place.
 G = Mean time per level.
                   A        B        C        D        E       F      G
               +--------+--------+--------+--------+--------+-----+--------+
         Total |   1145 |   1104 |     41 |      0 |    610 |   3 |  381.7 |
       Dungeon |   1145 |   1104 |     41 |      0 |    610 |   3 |  381.7 |
               +--------+--------+--------+--------+--------+-----+--------+

Top non-repeatable levels by time:
     D:1: 892 daAuts
     D:4: 140 daAuts
     D:2: 112 daAuts
